 Dungeon Sprint DCSS version 0.31-a0-960-g0fca184906 (webtiles) character file.

Game seed: 13348447351073857452

410 rocky1 the Martial Artist (level 6, -4/34 HPs)
             Began as a Tengu Shapeshifter on Oct 23, 2023.
             Was an Initiate of Gozag.
             Slain by an ogre
             ... wielding a +0 giant club
              (27 damage)
             ... in the Dungeon (Sprint VII: "The Pits").
             The game lasted 00:01:20 (403 turns).

rocky1 the Martial Artist (Tengu Shapeshifter)       Turns: 403, Time: 00:01:20

Health: -4/34      AC:  9    Str: 15    XL:     6   Next: 89%
Magic:  7/7        EV: 11    Int: 10    God:    Gozag
Gold:   450        SH:  0    Dex: 15    Spells: 5/5 levels left

rFire   . .          .
                       - Unarmed
rCold   . . .        (no shield)
rNeg    . . .        o - +3 scale mail
rPois   .            (helmet currently unavailable)
rElec   .            (cloak currently unavailable)
rCorr   .            (gloves currently unavailable)
SInv    .            (boots unavailable)
Will    .....        (no amulet) Stlth
                     (no ring)
HPRegen 0.25/turn    (no ring)
MPRegen 0.10/turn

%: no teleportation, acrobat
@: beast-form, gold aura
A: beast (slay +4), beak, talons 3, acrobatic
a: Begin Untransformation, Renounce Religion, Potion Petition, Call Merchant,
Bribe Branch


You were in the Dungeon.
You worshipped Gozag.
Gozag was aware of your devotion.
You were a hulking beast.
You visited 1 branch You collected 450 gold pieces.

Inventory:

Armour
 a - a +0 animal skin
 o - a +3 scale mail (worn)
 p - a +3 ring mail
Talismans
 c - a beast talisman
 d - a flux talisman
Scrolls
 j - a scroll of blinking
 l - 2 scrolls of vulnerability
 m - 5 scrolls of amnesia
 n - a scroll of butterflies
Potions
 b - a potion of lignification
 e - 6 potions of curing
 f - 6 potions of heal wounds
 g - a potion of haste
 h - 4 potions of magic
 i - 3 potions of berserk rage
 k - 2 potions of invisibility


   Skills:
 + Level 1.5 Fighting
 + Level 5.2 Dodging
 + Level 11.0 Unarmed Combat
 + Level 8.5 Shapeshifting


You had 5 spell levels left.
You didn't know any spells.
Your spell library was empty.

Dungeon Overview and Level Annotations

Branches:
Dungeon (1/1)

Altars:
Ashenzari
Cheibriados
Dithmenos
Elyvilon
Fedhas
Gozag
Hepliaklqana
Kikubaaqudgha
Makhleb
Nemelex Xobeh
Okawaru
Qazlal
Ru
Sif Muna
Trog
Uskayaw
Vehumet
Wu Jian
Xom
Yredelemnul
Zin
The Shining One
Jiyva
Lugonu


Innate Abilities, Weirdness & Mutations

You are a hulking beast.
Your limbs bulge with bestial killing power. (Slay +4)
You have a beak for a mouth.
You have claws for feet.
You can magically evade attacks while moving or waiting.


Message History

The warg attacks as it pursues you! The warg completely misses you.
The warg attacks as it pursues you! The warg closely misses you.
The warg attacks as it pursues you! The warg bites you!
You punch the warg! You claw the warg! Your punch misses the warg.
The warg is heavily wounded.
The warg completely misses you.
You punch the warg! You claw the warg. You peck the warg.
You kill the warg!
Your Dodging skill increases to level 5!
Your Unarmed Combat skill increases to level 10!
Your Shapeshifting skill increases to level 8!
You punch the necrophage! x2
The necrophage is almost destroyed.
Unknown command.
You punch the necrophage!
You destroy the necrophage!
Your Unarmed Combat skill increases to level 11!
You punch the ball python!
You kill the ball python!
You barely miss the quokka. You claw the quokka.
The quokka is almost dead.
The quokka bites you but does no damage.
You hit the quokka but do no damage. Your kick misses the quokka.
The quokka is almost dead.
The quokka bites you but does no damage.
You punch the quokka!
You kill the quokka!
The ogre is distracted by your dazzling golden aura.
You see here 306 gold pieces.
The ogre shouts!
You hit the ogre.
The ogre is no longer distracted by gold.
You claw the ogre!
The ogre is severely wounded.
You closely miss the ogre. You claw the ogre. You peck the ogre.
The ogre is almost dead.
The ogre hits you with a +0 giant club!!
Ouch! That really hurt!
You die...
Your body crumbles into a pile of gold.

#.........รท.'.....
#'#####'#####.....
#.#..#...'.##.....
#.#..#...#.#####'#
#.#..#####.##.....
#.#..'...#.##.....
#.#..'...'.##.....
#.#..########...<.
#h#..'.))).##.....
#O#..#.))).##.....
#K###########.....
#...O.S.# ######
#..#.#..# #.## #
#.. #.# #..


You could see a kobold brigand and an ogre.

Vanquished Creatures
  A glass eye (D)
  A warg (D)
  A necrophage (D)
  An iron imp (D)
  A river rat (D)
  2 ball pythons (D)
  A giant cockroach (D)
  3 hobgoblins (D)
  2 quokkas (D)
13 creatures vanquished.

Notes
Turn   | Place    | Note
-------+----------+-------------------------------------------
     0 | D        | rocky1 the Tengu Shapeshifter began the quest for the Orb.
     0 | D        | Reached XP level 1. HP: 12/12 MP: 2/2
    23 | D        | Found a bloodstained altar of Trog.
    23 | D        | Found a shimmering blue altar of Sif Muna.
    23 | D        | Found a viscous altar of Jiyva.
    23 | D        | Found a hazy altar of Hepliaklqana.
    23 | D        | Found an opulent altar of Gozag.
    24 | D        | Found a glowing golden altar of the Shining One.
    24 | D        | Found a glowing silver altar of Zin.
    24 | D        | Found a basalt altar of Yredelemnul.
    24 | D        | Found a shimmering altar of Xom.
    24 | D        | Found an ornate altar of the Wu Jian Council.
    24 | D        | Found a sacrificial altar of Ru.
    24 | D        | Found a stormy altar of Qazlal.
    24 | D        | Found an iron altar of Okawaru.
    24 | D        | Found a sparkling altar of Nemelex Xobeh.
    24 | D        | Found a burning altar of Makhleb.
    24 | D        | Found a blossoming altar of Fedhas.
    24 | D        | Found a white marble altar of Elyvilon.
    24 | D        | Found a shadowy altar of Dithmenos.
    24 | D        | Found a snail-covered altar of Cheibriados.
    27 | D        | Found a corrupted altar of Lugonu.
    27 | D        | Found a radiant altar of Vehumet.
    28 | D        | Found an ancient bone altar of Kikubaaqudgha.
    28 | D        | Found a hide-covered altar of Uskayaw.
    28 | D        | Found a broken altar of Ashenzari.
    31 | D        | Became a worshipper of Gozag Ym Sagoz the Greedy
    65 | D        | Noticed a glass eye
    84 | D        | Killed a glass eye
    85 | D        | Reached skill level 8 in Unarmed Combat
    85 | D        | Reached XP level 2. HP: 16/16 MP: 3/3
    85 | D        | Reached XP level 3. HP: 20/20 MP: 4/4
    85 | D        | Reached XP level 4. HP: 25/25 MP: 5/5
    85 | D        | Reached XP level 5. HP: 29/29 MP: 6/6
   310 | D        | Reached skill level 9 in Unarmed Combat
   314 | D        | Reached XP level 6. HP: 34/34 MP: 7/7
   387 | D        | Noticed a warg
   394 | D        | Killed a warg
   395 | D        | Reached skill level 5 in Dodging
   395 | D        | Reached skill level 10 in Unarmed Combat
   397 | D        | Reached skill level 11 in Unarmed Combat
   403 | D        | Slain by an ogre

Illustrated notes

Levels and vault maps discovered:
D:        pitsprint [storerooms_1, entrance_room_1, metal_vault_5, armoury_3,
          mini_pit_1, grid_room_1, main_hall_1, silver_pit, the_coven_3,
          the_vestibule_1, steel_vault_5, golden_pit, hallway_of_sentries,
          crystal_vault_2, iron_vault_4, final_vault]

Skill      XL: |  1  2  3  4  5  6 |
---------------+-------------------+-----
Dodging        | 4 5 |  5.2
Unarmed Combat | 8 9 11 | 11.0
Shapeshifting  | 7 8 |  8.5
Fighting       | |  1.5

Action                     |  1- 3 |  4- 6 || total
---------------------------+-------+-------++-------
  Melee: Unarmed           |    19 |    22 ||    41
         Kick              |     4 |     8 ||    12
         Peck              |     1 |     2 ||     3
         Punch             |       |     1 ||     1
 Armour: Animal skin       |     1 |     1 ||     2
         Scale mail        |       |     4 ||     4
  Dodge: Dodged            |     1 |     9 ||    10

Table legend: (Time is in decaauts)
 A = Elapsed time spent in this place.
 B = Non-inter-level travel time spent in this place.
 C = Inter-level travel time spent in this place.
 D = Time resting spent in this place.
 E = Time spent auto-exploring this place.
 F = Levels seen in this place.
 G = Mean time per level.
                   A        B        C        D        E       F      G
               +--------+--------+--------+--------+--------+-----+--------+
         Total |    397 |    376 |     21 |    190 |      0 |   1 |  397.0 |
       Dungeon |    397 |    376 |     21 |    190 |      0 |   1 |  397.0 |
               +--------+--------+--------+--------+--------+-----+--------+

Top non-repeatable levels by time:
       D: 397 daAuts
